TOP OF THE 1ST |
Coweta HS Tigers batting - Pitching for H.H. Dow HS Chargers : RHP Dustin Taylor
|
Pitching: RHP Dustin Taylor
|
|
Batting: RHB Matt Vargas
|
0-0: Called Strike 0-1: Called Strike 0-2: Strikes out looking
|
Batting: LHB Jim Clemente
|
0-0: Called Strike 0-1: Foul Ball, location: 2F 0-2: Strikes out swinging
|
Batting: RHB José Cisneros
|
0-0: Called Strike 0-1: Swinging Strike 0-2: Ball 1-2: Strikes out looking
|
Top of the 1st over - 0 run(s), 0 hit(s), 0 error(s), 0 left on base; Coweta HS 0 - H.H. Dow HS 0 |
BOTTOM OF THE 1ST |
H.H. Dow HS Chargers batting - Pitching for Coweta HS Tigers : RHP Will Whittier
|
Pitching: RHP Will Whittier
|
|
Batting: RHB Kris Ballard
|
0-0: Ground out 4-3 (Groundball, 4)
|
Batting: RHB Matt Osborne
|
0-0: Ball 1-0: Ball 2-0: Called Strike 2-1: Ball 3-1: Fly out, F8 (Flyball, 89D)
|
Batting: SHB Caden Keith
|
0-0: Ball 1-0: Foul Ball, location: 2F 1-1: Ground out 5-3 (Groundball, 56)
|
Bottom of the 1st over - 0 run(s), 0 hit(s), 0 error(s), 0 left on base; Coweta HS 0 - H.H. Dow HS 0 |
TOP OF THE 2ND |
Coweta HS Tigers batting - Pitching for H.H. Dow HS Chargers : RHP Dustin Taylor
|
Batting: RHB Pat Fernández
|
0-0: Foul Ball, location: 2F 0-1: Ball 1-1: Ball 2-1: Ball 3-1: Ground out 5-3 (Groundball, 5S)
|
Batting: RHB Ramiro Javier
|
0-0: Foul Ball, location: 2F 0-1: Ball 1-1: Ground out 5-3 (Groundball, 56S)
|
Batting: RHB Phil Shaw
|
0-0: Ball 1-0: Called Strike 1-1: Ball 2-1: Foul Ball, location: 2F 2-2: Strikes out swinging
|
Top of the 2nd over - 0 run(s), 0 hit(s), 0 error(s), 0 left on base; Coweta HS 0 - H.H. Dow HS 0 |
BOTTOM OF THE 2ND |
H.H. Dow HS Chargers batting - Pitching for Coweta HS Tigers : RHP Will Whittier
|
Batting: LHB José Morales
|
0-0: Swinging Strike 0-1: Swinging Strike 0-2: Foul Ball, location: 2F 0-2: Ball 1-2: Strikes out swinging
|
Batting: RHB Jesús Domínguez
|
0-0: Ball 1-0: Called Strike 1-1: Foul Ball, location: 2F 1-2: Strikes out swinging
|
Batting: RHB Tanner Albert
|
0-0: Called Strike 0-1: Called Strike 0-2: Strikes out swinging
|
Bottom of the 2nd over - 0 run(s), 0 hit(s), 0 error(s), 0 left on base; Coweta HS 0 - H.H. Dow HS 0 |
TOP OF THE 3RD |
Coweta HS Tigers batting - Pitching for H.H. Dow HS Chargers : RHP Dustin Taylor
|
Batting: RHB Jon Waller
|
0-0: Called Strike 0-1: Foul Ball, location: 2F 0-2: Strikes out looking
|
Batting: RHB Leonard Martínez
|
0-0: Ball 1-0: Ball 2-0: Called Strike 2-1: SINGLE (Flyball, 7S)
|
Batting: RHB Joe LaFontaine
|
0-0: Swinging Strike 0-1: SINGLE (Groundball, 4D) Leonard Martínez to second Runner from 2nd tries for 3rd, SAFE, no throw or cutoff
|
Batting: RHB Matt Vargas
|
0-0: Called Strike 0-1: Ball 1-1: Ball 2-1: Ball 3-1: Foul Ball, location: 2F 3-2: Strikes out swinging
|
Batting: LHB Jim Clemente
|
0-0: Ball 1-0: Foul Ball, location: 2F 1-1: Ball 2-1: Swinging Strike 2-2: Strikes out looking
|
Top of the 3rd over - 0 run(s), 2 hit(s), 0 error(s), 2 left on base; Coweta HS 0 - H.H. Dow HS 0 |
BOTTOM OF THE 3RD |
H.H. Dow HS Chargers batting - Pitching for Coweta HS Tigers : RHP Will Whittier
|
Batting: LHB Larry Battle
|
0-0: Swinging Strike 0-1: Ball 1-1: Ball 2-1: Called Strike 2-2: Foul Ball, location: 2F 2-2: Foul Ball, location: 2F 2-2: Ground out 4-3 (Groundball, 4)
|
Batting: LHB Paul Cotton
|
0-0: Called Strike 0-1: Called Strike 0-2: Ball 1-2: Strikes out swinging
|
Batting: LHB Gary Powers
|
0-0: Ground out 6-3 (Groundball, 6M)
|
Bottom of the 3rd over - 0 run(s), 0 hit(s), 0 error(s), 0 left on base; Coweta HS 0 - H.H. Dow HS 0 |
TOP OF THE 4TH |
Coweta HS Tigers batting - Pitching for H.H. Dow HS Chargers : RHP Dustin Taylor
|
Batting: RHB José Cisneros
|
0-0: Called Strike 0-1: Swinging Strike 0-2: Ball 1-2: Strikes out swinging
|
Batting: RHB Pat Fernández
|
0-0: Foul Ball, location: 2F 0-1: Swinging Strike 0-2: Ground out 5-3 (Groundball, 56)
|
Batting: RHB Ramiro Javier
|
0-0: Called Strike 0-1: Ball 1-1: Ball 2-1: Ball 3-1: Called Strike 3-2: Foul Ball, location: 2F 3-2: Base on Balls
|
Batting: RHB Phil Shaw
|
0-0: Called Strike 0-1: Ball 1-1: Ground out 6-3 (Groundball, 6)
|
Top of the 4th over - 0 run(s), 0 hit(s), 0 error(s), 1 left on base; Coweta HS 0 - H.H. Dow HS 0 |
BOTTOM OF THE 4TH |
H.H. Dow HS Chargers batting - Pitching for Coweta HS Tigers : RHP Will Whittier
|
Batting: RHB Kris Ballard
|
0-0: Fly out, F8 (Flyball, 8RM)
|
Batting: RHB Matt Osborne
|
0-0: Ball 1-0: Ball 2-0: Hit by Pitch
|
Batting: SHB Caden Keith
|
0-0: Ball 1-0: Foul Ball, location: 2F 1-1: Ball 2-1: Foul Ball, location: 2F 2-2: Strikes out swinging
|
Batting: LHB José Morales
|
0-0: Called Strike 0-1: Ball 1-1: Ball 2-1: Ground out 4-3 (Groundball, 4)
|
Bottom of the 4th over - 0 run(s), 0 hit(s), 0 error(s), 1 left on base; Coweta HS 0 - H.H. Dow HS 0 |
TOP OF THE 5TH |
Coweta HS Tigers batting - Pitching for H.H. Dow HS Chargers : RHP Dustin Taylor
|
Batting: RHB Jon Waller
|
0-0: Ball 1-0: Ground out 4-3 (Groundball, 4)
|
Batting: RHB Leonard Martínez
|
0-0: Ball 1-0: DOUBLE (Line Drive, 7LM)
|
Batting: RHB Joe LaFontaine
|
0-0: Called Strike 0-1: Foul Ball, location: 2F 0-2: Ball 1-2: Ball 2-2: Ball 3-2: Foul Ball, location: 2F 3-2: Foul Ball, location: 2F 3-2: DOUBLE (Line Drive, 78M) Leonard Martínez scores
|
Batting: RHB Matt Vargas
|
0-0: Called Strike 0-1: Ball 1-1: SINGLE (Groundball, 34D) Joe LaFontaine to third
|
Batting: LHB Jim Clemente
|
0-0: Foul Ball, location: 2F 0-1: 3-RUN HOME RUN (Flyball, 78XD), Distance : 432 ft
|
Batting: RHB José Cisneros
|
0-0: SINGLE (Line Drive, 56D)
|
Batting: RHB Pat Fernández
|
0-0: Foul Ball, location: 2F 0-1: Ball 1-1: Foul Ball, location: 2F 1-2: Strikes out swinging
|
Pitching: RHP Desi Smith
|
|
Batting: RHB Ramiro Javier
|
0-0: Ball 1-0: Called Strike 1-1: Ball 2-1: Foul Ball, location: 2F 2-2: Strikes out swinging
|
Top of the 5th over - 4 run(s), 5 hit(s), 0 error(s), 1 left on base; Coweta HS 4 - H.H. Dow HS 0 |
BOTTOM OF THE 5TH |
H.H. Dow HS Chargers batting - Pitching for Coweta HS Tigers : RHP Will Whittier
|
Batting: RHB Jesús Domínguez
|
0-0: Fly out, F4 (Popup, 3D)
|
Batting: RHB Tanner Albert
|
0-0: Ball 1-0: Ball 2-0: Foul Ball, location: 2F 2-1: Swinging Strike 2-2: Strikes out swinging
|
Batting: LHB Larry Battle
|
0-0: Fly out, F9 (Line Drive, 9M)
|
Bottom of the 5th over - 0 run(s), 0 hit(s), 0 error(s), 0 left on base; Coweta HS 4 - H.H. Dow HS 0 |
TOP OF THE 6TH |
Coweta HS Tigers batting - Pitching for H.H. Dow HS Chargers : RHP Desi Smith
|
Batting: RHB Phil Shaw
|
0-0: Called Strike 0-1: Ball 1-1: Ball 2-1: Reached on error, E6 (Groundball, 6)
|
Batting: RHB Jon Waller
|
0-0: Ball 1-0: Foul Ball, location: 2F 1-1: Swinging Strike 1-2: Ball 2-2: Ball Phil Shaw is caught stealing 2nd base 3-2: Ground out 6-3 (Groundball, 6)
|
Batting: RHB Leonard Martínez
|
0-0: Called Strike 0-1: Ball 1-1: Ball 2-1: Ball 3-1: Foul Ball, location: 2F 3-2: Foul Ball, location: 2F 3-2: Base on Balls
|
Batting: RHB Joe LaFontaine
|
0-0: Foul Ball, location: 2F 0-1: Fly out, F7 (Flyball, 78M)
|
Top of the 6th over - 0 run(s), 0 hit(s), 1 error(s), 1 left on base; Coweta HS 4 - H.H. Dow HS 0 |
BOTTOM OF THE 6TH |
H.H. Dow HS Chargers batting - Pitching for Coweta HS Tigers : RHP Will Whittier
|
Batting: LHB Paul Cotton
|
0-0: Ball 1-0: Called Strike 1-1: Ball 2-1: Foul Ball, location: 2F 2-2: Foul Ball, location: 2F 2-2: Ball 3-2: Base on Balls
|
Batting: LHB Gary Powers
|
0-0: Ball Paul Cotton is caught stealing 2nd base 1-0: Ball 2-0: Swinging Strike 2-1: Swinging Strike 2-2: Ball 3-2: Foul Ball, location: 2F 3-2: Ground out 4-3 (Groundball, 4M)
|
Batting: RHB Kris Ballard
|
0-0: Ball 1-0: Swinging Strike 1-1: Reached on error, E5 (Groundball, 56)
|
Batting: RHB Matt Osborne
|
0-0: Ball 1-0: Fly out, F8 (Line Drive, 8RM)
|
Bottom of the 6th over - 0 run(s), 0 hit(s), 1 error(s), 1 left on base; Coweta HS 4 - H.H. Dow HS 0 |
TOP OF THE 7TH |
Coweta HS Tigers batting - Pitching for H.H. Dow HS Chargers : RHP Desi Smith
|
Batting: RHB Matt Vargas
|
0-0: Ball 1-0: Foul Ball, location: 2F 1-1: Swinging Strike 1-2: Ball 2-2: Foul Ball, location: 2F 2-2: Foul Ball, location: 2F 2-2: SINGLE (Groundball, 56)
|
Batting: LHB Jim Clemente
|
0-0: Called Strike 0-1: Ball Matt Vargas steals 2nd base 1-1: Ground out 4-3 (Groundball, 4) Matt Vargas to third
|
Batting: RHB José Cisneros
|
0-0: Intentional Walk
|
Batting: RHB Pat Fernández
|
0-0: Foul Ball, location: 2F 0-1: Swinging Strike 0-2: Ball 1-2: Foul Ball, location: 2F 1-2: Ball 2-2: Ball 3-2: Strikes out looking
|
Batting: RHB Ramiro Javier
|
0-0: Called Strike 0-1: Foul Ball, location: 2F 0-2: Strikes out swinging
|
Top of the 7th over - 0 run(s), 1 hit(s), 0 error(s), 2 left on base; Coweta HS 4 - H.H. Dow HS 0 |
BOTTOM OF THE 7TH |
H.H. Dow HS Chargers batting - Pitching for Coweta HS Tigers : RHP Will Whittier
|
Batting: SHB Caden Keith
|
0-0: Called Strike 0-1: Called Strike 0-2: SINGLE (Groundball, 5S) (infield hit)
|
Batting: LHB José Morales
|
0-0: Called Strike 0-1: Ball 1-1: Foul Ball, location: 2F 1-2: Strikes out swinging Caden Keith steals 2nd base Batter strikes out.
|
Batting: RHB Jesús Domínguez
|
0-0: Called Strike 0-1: Ball 1-1: Ground out 1-3 (Groundball, 13S) Caden Keith to third
|
Pitching: LHP Jason Smith
|
|
Batting: RHB Tanner Albert
|
0-0: Foul Ball, location: 2F 0-1: Ball Steal of home, Caden Keith is out
|
Bottom of the 7th over - 0 run(s), 1 hit(s), 0 error(s), 0 left on base; Coweta HS 4 - H.H. Dow HS 0 |
TOP OF THE 8TH |
Coweta HS Tigers batting - Pitching for H.H. Dow HS Chargers : RHP Desi Smith
|
Pitching: RHP Stu Morris
|
|
Batting: RHB Phil Shaw
|
0-0: Swinging Strike 0-1: Foul Ball, location: 2F 0-2: Hit by Pitch
|
Batting: RHB Jon Waller
|
0-0: Sac Bunt - play at first, batter safe! Phil Shaw to second
|
Batting: RHB Leonard Martínez
|
0-0: Ball 1-0: Bunted foul 1-1: Sac Bunt - play at first, batter OUT! 1-4 Phil Shaw to third Jon Waller to second
|
Batting: RHB Joe LaFontaine
|
0-0: Foul Ball, location: 2F 0-1: Foul Ball, location: 2F 0-2: Strikes out swinging
|
Batting: RHB Matt Vargas
|
0-0: Called Strike 0-1: Swinging Strike 0-2: Ball 1-2: Ball 2-2: Foul Ball, location: 2F 2-2: Ball 3-2: SINGLE (Flyball, 3D) Phil Shaw scores Jon Waller to third Jon Waller scores
|
Batting: LHB Jim Clemente
|
0-0: Called Strike 0-1: Called Strike 0-2: Strikes out looking
|
Top of the 8th over - 2 run(s), 2 hit(s), 0 error(s), 1 left on base; Coweta HS 6 - H.H. Dow HS 0 |
BOTTOM OF THE 8TH |
H.H. Dow HS Chargers batting - Pitching for Coweta HS Tigers : LHP Jason Smith
|
Batting: RHB Tanner Albert
|
0-0: Called Strike 0-1: Swinging Strike 0-2: Foul Ball, location: 2F 0-2: Ball 1-2: Ball 2-2: SINGLE (Line Drive, 7S)
|
Batting: LHB Larry Battle
|
0-0: Ball 1-0: Ball 2-0: Ball 3-0: Called Strike 3-1: Fly out, F7 (Line Drive, 78M)
|
Batting: LHB Paul Cotton
|
0-0: Foul Ball, location: 2F 0-1: Ball 1-1: Ball 2-1: Ball 3-1: Foul Ball, location: 2F 3-2: Base on Balls Tanner Albert to second
|
Batting: LHB Gary Powers
|
0-0: Foul Ball, location: 2F 0-1: Ball 1-1: Foul Ball, location: 2F Single, Error in OF, E7, batter to second base Tanner Albert scores Paul Cotton to third
|
Batting: RHB Kris Ballard
|
0-0: Called Strike 0-1: Swinging Strike 0-2: Ball 1-2: Ball 2-2: Ball 3-2: Base on Balls
|
Pitching: RHP Eddie Huber
|
|
Batting: RHB Matt Osborne
|
0-0: Ball 1-0: Called Strike 1-1: Ball 2-1: Foul Ball, location: 2F 2-2: Ball 3-2: Foul Ball, location: 2F 3-2: Foul Ball, location: 2F 3-2: Strikes out looking
|
Batting: SHB Caden Keith
|
0-0: Ball 1-0: Ball 2-0: Called Strike 2-1: Called Strike 2-2: Ball 3-2: Base on Balls Paul Cotton scores Gary Powers to third Kris Ballard to second
|
Batting: LHB José Morales
|
0-0: Ball 1-0: Foul Ball, location: 2F 1-1: Ball 2-1: SINGLE (Flyball, 78S) Gary Powers scores Kris Ballard to third Caden Keith to second Runner from 3rd tries for Home, SAFE, no throw or cutoff
|
Batting: RHB Jesús Domínguez
|
0-0: Ball 1-0: Ball 2-0: Foul Ball, location: 2F 2-1: Ball 3-1: Base on Balls Caden Keith to third José Morales to second
|
Batting: RHB Tanner Albert
|
0-0: Foul Ball, location: 2F 0-1: Swinging Strike 0-2: Ball 1-2: Strikes out swinging
|
Bottom of the 8th over - 4 run(s), 3 hit(s), 1 error(s), 3 left on base; Coweta HS 6 - H.H. Dow HS 4 |
TOP OF THE 9TH |
Coweta HS Tigers batting - Pitching for H.H. Dow HS Chargers : RHP Stu Morris
|
Batting: RHB José Cisneros
|
0-0: Foul Ball, location: 2F 0-1: Ball 1-1: Called Strike 1-2: Ball 2-2: Ball 3-2: Foul Ball, location: 2F 3-2: Fly out, F6 (Popup, 6)
|
Batting: RHB Pat Fernández
|
0-0: Foul Ball, location: 2F 0-1: Ground out 5-3 (Groundball, 5)
|
Batting: RHB Ramiro Javier
|
0-0: SINGLE (Groundball, 4M)
|
Batting: RHB Phil Shaw
|
0-0: Called Strike 0-1: Ball 1-1: Swinging Strike 1-2: Strikes out swinging
|
Top of the 9th over - 0 run(s), 1 hit(s), 0 error(s), 1 left on base; Coweta HS 6 - H.H. Dow HS 4 |
BOTTOM OF THE 9TH |
H.H. Dow HS Chargers batting - Pitching for Coweta HS Tigers : RHP Eddie Huber
|
Pitching: LHP Víctor Ramírez
|
|
Batting: LHB Larry Battle
|
0-0: Ball 1-0: Called Strike 1-1: Ball 2-1: Ball 3-1: Ground out 1-3 (Groundball, 15)
|
Batting: LHB Paul Cotton
|
0-0: Ball 1-0: Ball 2-0: Ground out 2-3 (Groundball, 2R)
|
Batting: LHB Gary Powers
|
0-0: Ball 1-0: Ball 2-0: Ball 3-0: Base on Balls
|
Pinch Hitting: RHB Stan Webb
|
0-0: Ball 1-0: Foul Ball, location: 2F 1-1: Called Strike 1-2: SINGLE (Line Drive, 34D) Gary Powers to second
|
Batting: RHB Matt Osborne
|
0-0: Ball 1-0: Ball 2-0: Called Strike 2-1: Called Strike 2-2: Ball 3-2: Strikes out swinging
|
Bottom of the 9th over - 0 run(s), 1 hit(s), 0 error(s), 2 left on base; Coweta HS 6 - H.H. Dow HS 4 |
|